PAAA
SUNSET DISTRICT FOG @ MILTON DOGFISH HEAD
07/16/2026
 
TOP OF THE 1ST
Sunset District Fog batting - Pitching for Milton Dogfish Head : RHP Robinson Suárez
Pitching: RHP Robinson Suárez
Batting: RHB Mariano Sánchez 0-0: Foul Ball, location: 2F
0-1: Ball
1-1: Foul Ball, location: 2F
1-2: DOUBLE (Line Drive, 7LM)
Batting: LHB Bryce Reilly 0-0: Called Strike
0-1: Ground out U3 (Groundball, 34S)
Mariano Sánchez to third
Batting: SHB Albert Sánchez 0-0: Ball
1-0: Swinging Strike
1-1: Foul Ball, location: 2F
1-2: SINGLE (Flyball, 9S)
Mariano Sánchez scores
Batting: LHB David Holbrook 0-0: Ball
1-0: Called Strike
1-1: Fly out, F6 (Line Drive, 6M)
Batting: SHB Esteban Lugo 0-0: Swinging Strike
0-1: Ball
1-1: Foul Ball, location: 2F
1-2: Ball
2-2: SINGLE (Groundball, 34D)
Albert Sánchez to second
Runner from 2nd tries for 3rd, SAFE, throw made to third
Batting: RHB José Vargas 0-0: Ball
1-0: Called Strike
1-1: Ball
2-1: Called Strike
2-2: Ground out 6-3 (Groundball, 6)
Top of the 1st over - 1 run(s), 3 hit(s), 0 error(s), 2 left on base; Sunset District 1 - Milton 0
BOTTOM OF THE 1ST
Milton Dogfish Head batting - Pitching for Sunset District Fog : RHP Dave Mitchell
Pitching: RHP Dave Mitchell
Batting: RHB David Sánchez 0-0: Called Strike
0-1: Ball
1-1: SINGLE (Groundball, 34D)
Batting: LHB Jack Sutherland 0-0: Ball
1-0: Swinging Strike
1-1: Ball
2-1: Foul Ball, location: 2F
2-2: Foul Ball, location: 2F
2-2: SINGLE (Groundball, 34D)
David Sánchez to second
Runner from 2nd tries for 3rd, SAFE, throw made to third
Batting: LHB Víctor Robledo 0-0: Called Strike
0-1: Ball
1-1: Ball
2-1: Foul Ball, location: 2F
2-2: Foul Ball, location: 2F
2-2: Foul Ball, location: 2F
2-2: Grounds into double play, 4-6-3 (Groundball, 4)
David Sánchez scores
Batting: LHB António Ramos 0-0: Called Strike
0-1: Swinging Strike
0-2: Foul Ball, location: 2F
0-2: Ball
1-2: Foul Ball, location: 2F
1-2: Strikes out swinging
Bottom of the 1st over - 1 run(s), 2 hit(s), 0 error(s), 0 left on base; Sunset District 1 - Milton 1
TOP OF THE 2ND
Sunset District Fog batting - Pitching for Milton Dogfish Head : RHP Robinson Suárez
Batting: RHB Bryant Skelly 0-0: Ball
1-0: Ball
2-0: Called Strike
2-1: Ball
3-1: Foul Ball, location: 2F
3-2: Strikes out swinging
Batting: RHB Ricardo Téllez 0-0: Foul Ball, location: 2F
0-1: Ball
1-1: Foul Ball, location: 2F
1-2: Strikes out looking
Batting: RHB Vicente Rodríguez 0-0: SINGLE (Groundball, 6MD)
Batting: RHB Mariano Sánchez 0-0: Called Strike
0-1: Ball
Vicente Rodríguez steals 2nd base
1-1: Ball
2-1: Ball
3-1: Swinging Strike
3-2: Foul Ball, location: 2F
3-2: Strikes out swinging
Top of the 2nd over - 0 run(s), 1 hit(s), 0 error(s), 1 left on base; Sunset District 1 - Milton 1
BOTTOM OF THE 2ND
Milton Dogfish Head batting - Pitching for Sunset District Fog : RHP Dave Mitchell
Batting: RHB Moisés Quintana 0-0: Ball
1-0: Foul Ball, location: 2F
1-1: Called Strike
1-2: Ground out 5-3 (Groundball, 56S)
Batting: RHB Brad Perry 0-0: Called Strike
0-1: Ball
1-1: Ground out 4-3 (Groundball, 4M)
Batting: LHB Luis Vicenteno 0-0: Ball
1-0: Swinging Strike
1-1: Called Strike
1-2: Ball
2-2: Ball
3-2: Foul Ball, location: 2F
3-2: Base on Balls
Batting: RHB Víctor López 0-0: Ball
1-0: Called Strike
1-1: Called Strike
1-2: Fielders Choice at 2nd, 5-4 (Groundball, 5)
Bottom of the 2nd over - 0 run(s), 0 hit(s), 0 error(s), 0 left on base; Sunset District 1 - Milton 1
TOP OF THE 3RD
Sunset District Fog batting - Pitching for Milton Dogfish Head : RHP Robinson Suárez
Batting: LHB Bryce Reilly 0-0: SINGLE (Groundball, 4D)
Batting: SHB Albert Sánchez 0-0: Called Strike
0-1: Ball
1-1: Called Strike
Bryce Reilly is caught stealing 2nd base
1-2: Foul Ball, location: 2F
1-2: SINGLE (Line Drive, 34)
Batting: LHB David Holbrook 0-0: Called Strike
0-1: Called Strike
0-2: Strikes out looking
Batting: SHB Esteban Lugo 0-0: Ball
1-0: Ball
2-0: Called Strike
2-1: Fly out, F8 (Line Drive, 8RM)
Top of the 3rd over - 0 run(s), 2 hit(s), 0 error(s), 1 left on base; Sunset District 1 - Milton 1
BOTTOM OF THE 3RD
Milton Dogfish Head batting - Pitching for Sunset District Fog : RHP Dave Mitchell
Batting: RHB Lorenzo Rosas 0-0: Ball
1-0: Foul Ball, location: 2F
1-1: Swinging Strike
1-2: Foul Ball, location: 2F
1-2: SINGLE (Groundball, 6D)
Batting: RHB David Sánchez 0-0: Ball
1-0: Foul Ball, location: 2F
1-1: Ball
2-1: Ball
3-1: Base on Balls
Lorenzo Rosas to second
Batting: LHB Jack Sutherland 0-0: 3-RUN HOME RUN (Flyball, 9LD), Distance : 359 ft
Batting: LHB Víctor Robledo 0-0: Ball
1-0: Ground out 4-3 (Groundball, 4S)
Batting: LHB António Ramos 0-0: Called Strike
0-1: Fly out, F7 (Flyball, 7S)
Batting: RHB Moisés Quintana 0-0: Called Strike
0-1: Foul Ball, location: 2F
0-2: Hit by Pitch
Batting: RHB Brad Perry 0-0: Swinging Strike
0-1: Hit by Pitch
Moisés Quintana to second
Batting: LHB Luis Vicenteno 0-0: Ball
1-0: Ball
2-0: Fly out, F6 (Popup, 6)
Bottom of the 3rd over - 3 run(s), 2 hit(s), 0 error(s), 2 left on base; Sunset District 1 - Milton 4
TOP OF THE 4TH
Sunset District Fog batting - Pitching for Milton Dogfish Head : RHP Robinson Suárez
Batting: RHB José Vargas 0-0: Foul Ball, location: 2F
0-1: Ball
1-1: Ball
2-1: Fly out, F4 (Popup, 4MD)
Batting: RHB Bryant Skelly 0-0: Called Strike
0-1: Foul Ball, location: 2F
0-2: Ball
1-2: Strikes out swinging
Batting: RHB Ricardo Téllez 0-0: Fly out, F7 (Flyball, 7)
Top of the 4th over - 0 run(s), 0 hit(s), 0 error(s), 0 left on base; Sunset District 1 - Milton 4
BOTTOM OF THE 4TH
Milton Dogfish Head batting - Pitching for Sunset District Fog : RHP Dave Mitchell
Batting: RHB Víctor López 0-0: Ball
1-0: Called Strike
1-1: Ball
2-1: Foul Ball, location: 2F
2-2: Strikes out looking
Batting: RHB Lorenzo Rosas 0-0: Ball
1-0: Fly out, F6 (Line Drive, 56)
Batting: RHB David Sánchez 0-0: Called Strike
0-1: Ball
1-1: Foul Ball, location: 2F
1-2: Fly out, F8 (Line Drive, 78M)
Bottom of the 4th over - 0 run(s), 0 hit(s), 0 error(s), 0 left on base; Sunset District 1 - Milton 4
TOP OF THE 5TH
Sunset District Fog batting - Pitching for Milton Dogfish Head : RHP Robinson Suárez
Batting: RHB Vicente Rodríguez 0-0: Fly out, F4 (Line Drive, 4M)
Batting: RHB Mariano Sánchez 0-0: Ball
1-0: Ball
2-0: Fly out, F8 (Flyball, 89D)
Batting: LHB Bryce Reilly 0-0: Ball
1-0: Swinging Strike
1-1: Ball
2-1: Ball
3-1: Swinging Strike
3-2: Base on Balls
Batting: SHB Albert Sánchez 0-0: Called Strike
Bryce Reilly steals 2nd base
0-1: Swinging Strike
0-2: Ball
1-2: Foul Ball, location: 2F
1-2: 2-RUN HOME RUN (Line Drive, 9D), Distance : 389 ft
Batting: LHB David Holbrook 0-0: Called Strike
0-1: Ball
1-1: Ball
2-1: SINGLE (Line Drive, 78S)
Batting: SHB Esteban Lugo 0-0: Swinging Strike
0-1: Ball
1-1: Ball
2-1: Foul Ball, location: 2F
2-2: Strikes out swinging
Top of the 5th over - 2 run(s), 2 hit(s), 0 error(s), 1 left on base; Sunset District 3 - Milton 4
BOTTOM OF THE 5TH
Milton Dogfish Head batting - Pitching for Sunset District Fog : RHP Dave Mitchell
Batting: LHB Jack Sutherland 0-0: DOUBLE (Line Drive, 89M)
Batting: LHB Víctor Robledo 0-0: Foul Ball, location: 2F
0-1: Ball
1-1: Ball
2-1: Ball
3-1: Base on Balls
Batting: LHB António Ramos 0-0: Swinging Strike
0-1: Ball
1-1: Foul Ball, location: 2F
1-2: Ball
2-2: DOUBLE (Line Drive, 7LM)
Jack Sutherland scores
Víctor Robledo to third
Batting: RHB Moisés Quintana 0-0: Called Strike
0-1: Ground out 5-3 (Groundball, 5L)
Batting: RHB Brad Perry 0-0: Ball
1-0: Foul Ball, location: 2F
1-1: Ball
2-1: Swinging Strike
2-2: Foul Ball, location: 2F
2-2: Ball
3-2: Strikes out swinging
Batting: LHB Luis Vicenteno 0-0: Fly out, F9 (Flyball, 9)
Bottom of the 5th over - 1 run(s), 2 hit(s), 0 error(s), 2 left on base; Sunset District 3 - Milton 5
TOP OF THE 6TH
Sunset District Fog batting - Pitching for Milton Dogfish Head : RHP Robinson Suárez
Batting: RHB José Vargas 0-0: Ball
1-0: TRIPLE (Flyball, 89XD)
Batting: RHB Bryant Skelly 0-0: Called Strike
0-1: Ball
1-1: Foul Ball, location: 2F
1-2: Ball
2-2: Ball
3-2: Ground out 5-3 (Groundball, 56)
José Vargas scores
Batting: RHB Ricardo Téllez 0-0: Called Strike
0-1: Ball
1-1: Ball
2-1: Fly out, F7 (Flyball, 7)
Batting: RHB Vicente Rodríguez 0-0: Ball
1-0: Ground out U3 (Groundball, 34)
Top of the 6th over - 1 run(s), 1 hit(s), 0 error(s), 0 left on base; Sunset District 4 - Milton 5
BOTTOM OF THE 6TH
Milton Dogfish Head batting - Pitching for Sunset District Fog : RHP Dave Mitchell
Pitching: RHP Seb Alport
Batting: RHB Víctor López 0-0: Bunt missed!
0-1: Called Strike
0-2: Ball
1-2: Strikes out swinging
Batting: RHB Lorenzo Rosas 0-0: Ball
1-0: Called Strike
1-1: Ball
2-1: Ball
3-1: Ground out 6-3 (Groundball, 6)
Batting: RHB David Sánchez 0-0: Ball
1-0: Ball
2-0: Called Strike
2-1: Foul Ball, location: 2F
2-2: Ground out 6-3 (Groundball, 6D)
Bottom of the 6th over - 0 run(s), 0 hit(s), 0 error(s), 0 left on base; Sunset District 4 - Milton 5
TOP OF THE 7TH
Sunset District Fog batting - Pitching for Milton Dogfish Head : RHP Robinson Suárez
Pitching: RHP Edgardo Nava
Batting: RHB Mariano Sánchez 0-0: Ground out 6-3 (Groundball, 6)
Batting: LHB Bryce Reilly 0-0: Swinging Strike
0-1: Called Strike
0-2: Ball
1-2: Ball
2-2: Ball
3-2: SINGLE (Groundball, 4MD)
Batting: SHB Albert Sánchez 0-0: Ball
Throwing error on steal attempt, E2
Bryce Reilly to third
1-0: 2-RUN HOME RUN (Flyball, 89XD), Distance : 390 ft
Batting: LHB David Holbrook 0-0: Called Strike
0-1: Ball
1-1: Ball
2-1: Foul Ball, location: 2F
2-2: Foul Ball, location: 2F
2-2: Foul Ball, location: 2F
2-2: Ball
3-2: Fly out, F8 (Flyball, 8RS)
Batting: SHB Esteban Lugo 0-0: Ball
1-0: Ball
2-0: Ball
3-0: Called Strike
3-1: Base on Balls
Batting: RHB José Vargas 0-0: Fly out, F8 (Flyball, 8RS)
Top of the 7th over - 2 run(s), 2 hit(s), 1 error(s), 1 left on base; Sunset District 6 - Milton 5
BOTTOM OF THE 7TH
Milton Dogfish Head batting - Pitching for Sunset District Fog : RHP Seb Alport
Batting: LHB Jack Sutherland 0-0: Foul Ball, location: 2F
0-1: Foul Ball, location: 2F
0-2: Ball
1-2: Ground out 5-3 (Groundball, 5D)
Batting: LHB Víctor Robledo 0-0: Foul Ball, location: 2F
0-1: SOLO HOME RUN (Flyball, 9D), Distance : 364 ft
Pitching: RHP Ted Locke
Batting: LHB António Ramos 0-0: Called Strike
0-1: Ball
1-1: Foul Ball, location: 2F
1-2: Ground out 4-3 (Groundball, 4)
Batting: RHB Moisés Quintana 0-0: Called Strike
0-1: Ball
1-1: Ball
2-1: Foul Ball, location: 2F
2-2: Ball
3-2: SOLO HOME RUN (Flyball, 78D), Distance : 420 ft
Batting: RHB Brad Perry 0-0: Ball
1-0: Fly out, F7 (Line Drive, 78XD)
Bottom of the 7th over - 2 run(s), 2 hit(s), 0 error(s), 0 left on base; Sunset District 6 - Milton 7
TOP OF THE 8TH
Sunset District Fog batting - Pitching for Milton Dogfish Head : RHP Edgardo Nava
Now at C: Jorge González
Now in CF: Roy Childress
Batting: RHB Bryant Skelly 0-0: Ball
1-0: Ball
2-0: Ground out 6-3 (Groundball, 6)
Batting: RHB Ricardo Téllez 0-0: Called Strike
0-1: Foul Ball, location: 2F
0-2: Ball
1-2: Ball
2-2: Foul Ball, location: 2F
2-2: Fly out, F9 (Flyball, 9LS)
Batting: RHB Vicente Rodríguez 0-0: DOUBLE (Line Drive, 8LD)
Batting: RHB Mariano Sánchez 0-0: Ball
1-0: Ball
2-0: Foul Ball, location: 2F
2-1: Called Strike
2-2: Foul Ball, location: 2F
2-2: Foul Ball, location: 2F
2-2: DOUBLE (Line Drive, 89M)
Vicente Rodríguez scores
Pitching: RHP Roberto Cabrera
Batting: LHB Bryce Reilly 0-0: Ball
1-0: Ground out U3 (Groundball, 34)
Top of the 8th over - 1 run(s), 2 hit(s), 0 error(s), 1 left on base; Sunset District 7 - Milton 7
BOTTOM OF THE 8TH
Milton Dogfish Head batting - Pitching for Sunset District Fog : RHP Ted Locke
Batting: LHB Luis Vicenteno 0-0: Ball
1-0: Called Strike
1-1: Ball
2-1: Swinging Strike
2-2: Ball
3-2: Foul Ball, location: 2F
3-2: Foul Ball, location: 2F
3-2: SOLO HOME RUN (Flyball, 89XD), Distance : 390 ft
Pitching: LHP Gerardo García
Batting: RHB Víctor López 0-0: Ball
1-0: Called Strike
1-1: SINGLE (Groundball, 6MD)
Batting: RHB Lorenzo Rosas 0-0: Called Strike
0-1: Ball
1-1: Ball
2-1: Sac Bunt - play at first, batter OUT! 3-4
Víctor López to second
Batting: RHB David Sánchez 0-0: Ground out 6-3 (Groundball, 56)
Batting: LHB Jack Sutherland 0-0: Ground out 6-3 (Groundball, 6)
Bottom of the 8th over - 1 run(s), 2 hit(s), 0 error(s), 1 left on base; Sunset District 7 - Milton 8
TOP OF THE 9TH
Sunset District Fog batting - Pitching for Milton Dogfish Head : RHP Roberto Cabrera
Pitching: LHP Jim Unknown
Now at 2B: José Correa
Pinch Hitting: RHB Simon Yusaf Khel 0-0: Ball
1-0: Ground out 6-3 (Groundball, 56)
Batting: LHB David Holbrook 0-0: Foul Ball, location: 2F
0-1: Called Strike
0-2: Foul Ball, location: 2F
0-2: Foul Ball, location: 2F
0-2: Ball
1-2: Foul Ball, location: 2F
1-2: Ground out 4-3 (Groundball, 34D)
Pinch Hitting: RHB Jim Lee 0-0: Foul Ball, location: 2F
0-1: Foul Ball, location: 2F
0-2: Ball
1-2: Ball
2-2: Strikes out looking
Top of the 9th over - 0 run(s), 0 hit(s), 0 error(s), 0 left on base; Sunset District 7 - Milton 8
Monday, March 20th, 2017 - OOTP Baseball 17.12 Build 75